cohdb
Replays
Latest Replays
All Replays
Popular Replays
Top Player Replays
Match Explorer
How It Works
Community
CoH3 Stats
Reddit
Sign in to upload your games and track your stats! →
Sign in with Steam
Match 37337148
Unlisted
Match 37337148
Overview
Messages
Build Orders
End
Construct Barracks
Selects Airborne Battlegroup
Selects Heavy Machine Gun Paradrop
Selects Smoke Bombing Run
Heavy Machine Gun Paradrop
Riflemen Squad
Riflemen Squad
Grenade Package
1⁄4-ton 4x4 Truck
Selects Paratrooper Squad Paradrop
M1 Mortar Team
Air Support Center
Construct Weapon Support Center
Bazooka Squad
Grasshopper Recon Run
P-47 Dive Bomb
Air Supply
Selects Anti-tank Gun Team Paradrop
Double Sortie
Grasshopper Recon Run
P-47 Dive Bomb
P-47 Strafing Run
M3 Armored Personnel Carrier
Selects Supply Drop
Anti-tank Gun Team Paradrop
M1918 Browning Automatic Rifles
Grasshopper Recon Run
P-47 Strafing Run
P-47 Dive Bomb
Construct Tank Depot
M4A1 Sherman Medium Tank
Selects Dual P-47 Rocket Strike
P-47 Strafing Run
P-47 Dive Bomb
Dual P-47 Rocket Strike
Grasshopper Recon Run
Engineer Squad
Air Supremacy
P-47 Dive Bomb
P-47 Strafing Run
Grasshopper Recon Run
M18 Hellcat Tank Destroyer
P-47 Strafing Run
P-47 Dive Bomb
Dual P-47 Rocket Strike
Local Cowboyist Representative
JoyfulWarrior%
彡★🔻SALADIN🔻★彡
Eredar
一掷神杯定吉凶 再占乾坤转空头
MOJO
Buffallobang
CPU - VERY EASY
0
0
Comments
sign in to comment!
No comments posted yet!